 Dungeon Crawl Stone Soup version 0.26-a0-84-g8c18429211 (webtiles) character file.

Game seed: 14177597699122011468

126093 Ezendos the Warrior (level 16, -13/140 HPs)
             Began as a Barachi Artificer on June 16, 2020.
             Was the Champion of Yredelemnul.
             Mangled by a tentacle (20 damage)
             ... attached to a kraken
             ... on level 2 of the Shoals on June 17, 2020.
             The game lasted 02:15:28 (41697 turns).

Ezendos the Warrior (Barachi Artificer)            Turns: 41697, Time: 02:15:29

Health: -13/140    AC: 26    Str: 24    XL:     16   Next: 97%
Magic:  24/24      EV: 19    Int: 12    God:    Yredelemnul [******]
Gold:   322        SH: 22    Dex: 17    Spells: 12/15 levels left

rFire    + . .     SeeInvis .   a - +8 demon blade (freeze)
rCold    . . .     Gourm    .   N - +3 tower shield
rNeg     . . .     Faith    .   p - +8 scale mail of Midsummer {rPois Int+2}
rPois    +         Spirit   .   K - +0 helmet
rElec    .         Reflect  .   n - +2 cloak {Stlth+}
rCorr    .         Harm     .   o - +0 pair of gloves
MR       +++..                  V - +0 pair of boots
Stlth    ..........             (no amulet)
HPRegen  0.33/turn              B - +4 ring of evasion
MPRegen  0.19/turn              e - ring of Thoughtfulness {rF+ MR++ Str+6 Int-2 Dex+2, =R}

@: slow
A: +LOS, swims, slowness 1, strong legs 2
a: Hop, Recall Undead Slaves, Injury Mirror, Animate Dead, Drain Life, Enslave
Soul, Renounce Religion


You were on level 2 of the Shoals.
You worshipped Yredelemnul.
Yredelemnul was exalted by your worship.
You were not hungry.

You visited 5 branches of the dungeon, and saw 28 of its levels.
You also visited: Gauntlet and Ice Cave.

You collected 3895 gold pieces.
You spent 3573 gold pieces at shops.

Inventory:

Hand Weapons
 a - a +8 demon blade of freezing (weapon)
 g - a +5 long sword of venom
 s - a +1 hunting sling of flaming
Missiles
 m - 161 sling bullets
 E - 87 poisoned darts (quivered)
Armour
 n - a +2 cloak of stealth (worn)
 o - a +0 pair of gloves (worn)
 p - the +8 scale mail of Midsummer (worn) {rPois Int+2}
   (You found it on level 10 of the Dungeon)

   It affects your intelligence (+2).
   It protects you from poison.
 K - a +0 helmet (worn)
 N - a +3 tower shield (worn)
 R - a +2 buckler of resistance
 V - a +0 pair of boots (worn)
Jewellery
 e - the ring of Thoughtfulness (right hand) {rF+ MR++ Str+6 Int-2 Dex+2, =R}
   (You bought it in a shop on level 10 of the Dungeon)

   [ring of strength]

   It affects your strength (+6).
   It affects your intelligence (-2).
   It affects your dexterity (+2).
   It protects you from fire.
   It affects your resistance to hostile enchantments.
 h - an uncursed ring of positive energy
 y - a +4 ring of slaying
 B - a +4 ring of evasion (left hand)
 P - an uncursed ring of protection from magic
 T - the ring "Ysiat" {Ice *Slow rElec Dex+3}
   (You found it on level 6 of the Lair of Beasts)

   [ring of ice]

   It enhances your ice magic.
   It affects your dexterity (+3).
   It makes you vulnerable to fire.
   It protects you from cold.
   It insulates you from electricity.
   It may slow you when you take damage.
 Y - the ring of New Discoveries {rC+ Str+2}
   (You found it on level 12 of the Dungeon)

   [ring of protection from cold]

   It affects your strength (+2).
   It protects you from cold.
Wands
 c - a wand of flame (21)
 f - a wand of enslavement (27)
 j - a wand of digging (8)
 w - a wand of clouds (2)
 F - a wand of acid (1)
 H - a wand of paralysis (32)
 J - a wand of iceblast (9)
 S - a wand of polymorph (20)
Scrolls
 b - 4 scrolls of fog
 r - 8 scrolls of identify
 x - 6 scrolls of magic mapping
 A - 12 scrolls of remove curse
 C - a scroll of summoning
 G - 3 scrolls of immolation
 M - 18 scrolls of teleportation
 O - 2 scrolls of silence
 U - 5 scrolls of blinking
 W - a scroll of fear
 X - 2 scrolls of vulnerability
Potions
 i - 7 potions of heal wounds
 k - a potion of resistance
 l - 6 potions of might
 q - 8 potions of brilliance
 u - 5 potions of lignification
 v - 12 potions of curing
 z - 2 potions of haste
 D - 5 potions of flight
 I - 3 potions of berserk rage
 L - 3 potions of magic
 Q - a potion of cancellation
Comestibles
 d - 20 rations
 t - a chunk of flesh


   Skills:
 + Level 16.9 Fighting
   Level 1.1(8.5) Short Blades
 - Level 13.9(14.0) Long Blades
 - Level 14.0 Armour
 - Level 11.0 Dodging
 - Level 0.8 Stealth
 * Level 11.0 Shields
 - Level 10.0 Invocations
 + Level 11.6 Evocations


You had 12 spell levels left.
You knew the following spells:

 Your Spells              Type           Power        Failure   Level  Hunger
a - Apportation           Tloc           #.....       98%         1    ##.....
b - Passwall              Tmut/Erth      #.......     99%         2    ###....

Your spell library contained the following spells:

 Spells                   Type           Power        Failure   Level  Hunger
 Animate Skeleton         Necr           N/A          98%         1    ##.....
 Corona                   Hex            #......      98%         1    ##.....
 Foxfire                  Conj/Fire      #...         98%         1    ##.....
 Sandblast                Erth           #.....       98%         1    ##.....
 Sting                    Tmut/Pois      #...         98%         1    ##.....
 Summon Butterflies       Summ           #.......     98%         1    ##.....
 Summon Small Mammal      Summ           #...         98%         1    ##.....
 Poisonous Vapours        Pois/Air       #.....       99%         2    ###....
 Conjure Flame            Conj/Fire      #.......     100%        3    ####...
 Ignite Poison            Fire/Tmut/Pois #.......     100%        3    ####...
 Inner Flame              Hex/Fire       #.......     100%        3    ####...
 Lesser Beckoning         Tloc           #.........   100%        3    ####...
 Mephitic Cloud           Conj/Pois/Air  #.......     100%        3    ####...
 Stone Arrow              Conj/Erth      #.....       100%        3    ####...
 Tukima's Dance           Hex            #.......     100%        3    ####...
 Olgreb's Toxic Radiance  Pois           #.......     100%        4    #####..
 Petrify                  Tmut/Erth      #.......     100%        4    #####..
 Sticky Flame             Conj/Fire      #.......     100%        4    #####..
 Summon Lightning Spire   Summ/Air       #.......     100%        4    #####..
 Alistair's Intoxication  Tmut/Pois      #.......     100%        5    ######.
 Fireball                 Conj/Fire      #.........   100%        5    ######.
 Lee's Rapid Deconstruct  Erth           #.........   100%        5    ######.
 Silence                  Hex/Air        #.........   100%        5    ######.
 Conjure Ball Lightning   Conj/Air       #.........   100%        6    #######
 Invisibility             Hex            #.......     100%        6    #######
 Tornado                  Air            #.........   100%        9    #######


Dungeon Overview and Level Annotations

Branches:
Dungeon (15/15)            Temple (0/1) D:6            Lair (6/6) D:9
 Shoals (2/4) Lair:4        Snake (3/4) Lair:3        Slime (0/5) Lair:5
    Orc (2/2) D:9             Elf (0/3) Orc:2        Vaults (0/5) D:14
  IceCv (visited)         Gauntlet (visited)
 Depths: D:15

Altars:
Ashenzari
Cheibriados
Dithmenos
Fedhas
Makhleb
Nemelex Xobeh
Okawaru
Qazlal
Vehumet
Xom
Yredelemnul
Zin
The Shining One
Jiyva

Shops:
D:8 !   D:10 =   D:13 ?   D:14 [   D:15 =   Orc:2 !*(!(   Snake:3 [

Annotations:
D:5 exclusion: 4 doors
D:7 2 runed translucent doors, Lanoc's ghost, novice DsAr
Lair:1 1 runed translucent door, 1 exclusion


Innate Abilities, Weirdness & Mutations

You can be seen from farther away. (+LOS)
You can swim through water.
You cover ground slowly.
You can hop long distances.


Message History

The tentacle slaps you but does no damage.
You slash the kraken!
The kraken seems to slow down.
You freeze the kraken.
The kraken is almost dead.
You block the tentacle's attack. x3; The tentacle closely misses you.
The kraken barely misses you.
You riposte.
You hit the kraken but do no damage.
The kraken is almost dead.
You slice the kraken!!
The kraken seems to slow down.
You freeze the kraken.
The kraken is almost dead.
You block the tentacle's attack. x4; The tentacle slaps you!!
* * * LOW HITPOINT WARNING * * *
You hit the kraken but do no damage.
The kraken is almost dead.
You block the tentacle's attack. The tentacle slaps you!
* * * LOW HITPOINT WARNING * * *
The tentacle slaps you!
* * * LOW HITPOINT WARNING * * *
The kraken squirts a massive cloud of ink into the water!
You block the tentacle's attack. x2; The tentacle slaps you!!
You die...
Your body rises from the dead as a mindless zombie.

#≈≈≈≈≈≈≈≈≈≈≈≈≈≈≈≈≈≈≈.##
#≈≈≈≈≈≈≈≈≈≈≈≈≈≈≈≈≈≈≈.#
#≈≈≈≈≈≈≈≈≈≈≈≈≈≈≈≈Z≈≈.##
#≈≈≈≈≈≈≈≈≈≈≈≈≈≈≈≈≈≈....
#≈≈≈≈≈≈≈≈≈≈≈≈≈≈≈}≈≈....
#≈≈≈≈≈≈≈≈≈≈≈≈≈≈≈..≈≈≈≈.
#≈≈≈≈≈§≈≈≈≈≈≈≈≈≈...≈≈≈≈
#≈≈≈§§§§§≈≈≈≈≈≈≈...≈≈≈≈
#≈≈≈§w@w§≈≈≈≈≈≈≈..≈≈≈≈≈
#≈≈≈§wXw§≈≈≈≈≈≈≈≈≈≈≈≈≈≈
#≈≈≈§§§§§≈≈≈≈≈≈≈≈≈≈≈≈≈≈
#≈≈≈≈≈≈≈≈≈≈≈≈≈≈≈≈≈≈≈≈≈≈
#≈≈≈≈≈≈≈≈≈≈≈≈≈≈≈≈≈≈≈≈≈≈
#≈≈≈≈≈≈≈≈≈≈≈≈≈≈
#≈≈≈≈≈≈≈≈≈≈≈≈≈≈
#≈≈≈≈≈≈≈≈≈≈≈≈≈≈
#≈≈≈≈≈≈≈≈≈≈≈≈≈≈


You could see a kraken (slow) and 4 tentacles.

Vanquished Creatures
  Nikola (Snake:1)
  Asterion (Lair:3)
  A kraken (Shoals:2)
  Kirke (Lair:5)
  Agnes (Snake:1)
  2 nagarajas (Snake:3)
  A dire elephant (Lair:6)
  Snorg (Orc:1)
  Josephine (D:11)
  4 vault guards (D:14)
  2 hydras
  2 centaur warriors
  An alligator snapping turtle (Shoals:1)
  4 naga warriors
  3 anacondas (Snake:2)
  2 satyrs (Shoals:2)
  A two-headed ogre (Orc:2)
  2 orc high priests (Orc:2)
  A tengu warrior (D:14)
  2 naga sharpshooters (Snake:3)
  5 death yaks
  Urug (Lair:3)
  3 shock serpents
  2 salamander mystics
  A deep troll (D:14)
  2 sea snakes (Shoals:2)
  3 skeletal warriors (D:12)
  3 unseen horrors
  A lindwurm (Lair:6)
  A swamp dragon (Lair:6)
  3 naga ritualists
  Pikel (D:8)
  4 orc knights
  6 mana vipers
  2 harpies (Shoals:1)
  A cyclops (D:10)
  4 fauns (Shoals:2)
  2 deep elf magi (D:14)
  5 orc sorcerers
  A salamander (Snake:2)
  5 ugly things
  3 merfolk sirens (Shoals:1)
  3 manticores
  3 elephants
  Maurice (D:13)
  2 water nymphs
  Joseph (D:7)
  23 black mambas
  An ice statue (IceCv)
  6 naga magi
  2 guardian serpents (Snake:2)
  7 spiny frogs
  A kobold demonologist (D:13)
  A gargoyle (D:14)
  A torpor snail (Lair:4)
  2 komodo dragons (Lair:1)
  2 ice devils (IceCv)
  7 rime drakes
  5 freezing wraiths
  A golden dragon simulacrum (IceCv)
  An anaconda simulacrum (IceCv)
  4 merfolk
  5 trolls
  7 blink frogs
  7 slime creatures (D:13)
  A dream sheep (Lair:6)
  11 hippogriffs
  4 dire elephant simulacra (IceCv)
  3 water elementals
  4 wraiths (D:11)
  11 yaks
  A wyvern (Lair:1)
  A human (D:7)
  5 basilisks
  6 hogs
  Grum (D:8)
  A steam dragon (Lair:6)
  2 hungry ghosts
  17 nagas
  A warg (Orc:1)
  A death yak simulacrum (IceCv)
  A soldier ant (D:14)
  3 iron troll simulacra (IceCv)
  2 acid dragons
  4 hydra simulacra (IceCv)
  8 water moccasins
  6 porcupines
  6 ice beasts
  3 sky beasts
  16 orc warriors
  2 slaves
  4 black bears
  A necrophage (D:6)
  2 eyes of draining
  3 phantoms
  6 ogres
  11 wolves
  10 centaurs
  12 crocodiles
  7 bullfrogs
  5 big kobolds
  A wyvern zombie (D:12)
  A scorpion (D:10)
  8 killer bees
  8 wights
  3 crimson imps
  3 centaur zombies
  4 draconian simulacra (IceCv)
  6 jellies
  4 hounds
  5 centaur skeletons
  14 orc priests
  17 orc wizards
  A bullfrog skeleton (D:13)
  Terence (D:2)
  5 iguanas
  A polar bear simulacrum (IceCv)
  7 worker ants
  3 troll simulacra (IceCv)
  3 spriggan simulacra (IceCv)
  A wolf simulacrum (IceCv)
  A centaur simulacrum (IceCv)
  A worker ant zombie (D:5)
  12 adders
  2 naga simulacra (IceCv)
  3 shadow imps
  3 white imps (IceCv)
  9 ufetubi (IceCv)
  An ooze (D:2)
  2 adder zombies
  A worm (D:2)
  3 dart slugs
  5 leopard geckos
  50 orcs
  8 bats
  4 giant cockroaches
  7 hobgoblins
  10 jackals
  4 quokkas
  3 ball pythons
  A ball python skeleton (D:4)
  7 frilled lizards
  7 goblins
  A jackal zombie (D:5)
  26 kobolds
  A quokka skeleton (D:9)
  6 rats
  A butterfly (Lair:3)
  3 plants (Shoals:1)
646 creatures vanquished.

Vanquished Creatures (collateral kills)
  Jorgrun (D:13)
  Rupert (D:12)
  A dire elephant (Lair:6)
  A fire dragon (Lair:6)
  3 hydras
  4 anacondas
  5 death yaks (Lair:6)
  An ogre mage (D:14)
  A catoblepas (Lair:6)
  2 naga sharpshooters (Snake:3)
  A shock serpent (Snake:2)
  An orc high priest (Orc:1)
  A sea snake (Shoals:1)
  2 naga ritualists (Snake:3)
  2 harpies (Shoals:1)
  An ugly thing (D:12)
  5 mana vipers
  A wolf spider zombie (D:14)
  An orc sorcerer (Orc:1)
  3 fauns (Shoals:1)
  5 manticores
  A salamander (Snake:3)
  2 elephants (Lair:3)
  A merfolk siren (Shoals:2)
  2 naga magi
  8 black mambas
  A guardian serpent (Snake:2)
  4 spiny frogs
  3 rime drakes
  A komodo dragon (Lair:1)
  A kobold demonologist (D:11)
  A wind drake (Shoals:2)
  3 merfolk (Shoals:1)
  A dream sheep (Lair:6)
  5 blink frogs
  A snapping turtle (Shoals:1)
  3 yaks
  2 steam dragons (Lair:6)
  A hog (D:7)
  A vampire mosquito (D:11)
  A hungry ghost (D:14)
  4 basilisks
  2 wargs (Orc:1)
  5 nagas
  4 orc warriors
  A swamp drake (Lair:6)
  2 black bears
  An eye of draining (D:14)
  2 ogres
  4 centaurs (Shoals:1)
  A wolf (Lair:6)
  A crocodile (Lair:6)
  3 bullfrogs
  2 killer bees
  2 wights
  2 crimson imps
  7 orc priests
  A bullfrog skeleton (D:13)
  2 worker ants (D:12)
  2 iguanas (Lair:6)
  4 orc wizards
  A troll simulacrum (IceCv)
  An adder (D:8)
  An ogre simulacrum (IceCv)
  A white imp (IceCv)
  An ufetubus (IceCv)
  A leopard gecko (D:6)
  9 orcs
  A kobold (D:9)
  A bush (D:13)
  8 fungi
  17 plants
180 creatures vanquished.

Vanquished Creatures (others)
  A vampire knight (Orc:2)
  A skeletal warrior (Lair:6)
  A phantasmal warrior (Lair:6)
  An ugly thing zombie (D:11)
  A black mamba (Snake:1)
  A hydra zombie (Lair:1)
  A harpy zombie (Shoals:1)
  A harpy skeleton (Shoals:1)
  A guardian serpent zombie (Snake:2)
  A satyr zombie (Shoals:2)
  6 flying skulls
  2 vampires
  5 black mamba zombies
  5 wraiths
  2 yaks (D:10)
  2 humans (Lair:5)
  2 faun zombies (Shoals:2)
  3 spiny frog zombies
  An orc warrior (D:8)
  A blink frog zombie (Lair:3)
  2 hog zombies (Lair:5)
  A manticore skeleton (Shoals:2)
  A blink frog skeleton (Lair:2)
  4 hippogriff zombies
  A rime drake zombie (Lair:6)
  A bullfrog (Lair:5)
  A salamander skeleton (Snake:2)
  A water moccasin zombie (Lair:6)
  2 wights
  2 yak skeletons
  2 wolf zombies
  3 centaur zombies
  4 bullfrog zombies
  A centaur skeleton (D:7)
  A wolf skeleton (Lair:2)
  4 basilisk zombies
  A human skeleton (D:7)
  An orc wizard (D:10)
  A bullfrog skeleton (D:10)
  A porcupine zombie (D:9)
  4 crocodile zombies
  A killer bee zombie (D:7)
  7 naga zombies
  A necrophage skeleton (D:6)
  2 ogre zombies
  A crocodile skeleton (Lair:6)
  A hound zombie (D:10)
  A mummy (D:12)
  A swamp drake zombie (Lair:6)
  A steam dragon zombie (Lair:6)
  An ufetubus (IceCv)
  An iguana skeleton (Lair:6)
  7 orc skeletons
  2 orcs
  A kobold zombie (D:9)
  23 orc zombies
  4 rat skeletons (Orc:2)
  9 fungi
  12 plants
  4 tentacles (Shoals:2)
  6 toadstools (Lair:1)
  2 withered plants (Gauntlet)
166 creatures vanquished.

Grand Total: 992 creatures vanquished

Notes
Turn   | Place    | Note
-------+----------+-------------------------------------------
     0 | D:1      | Ezendos the Barachi Artificer began the quest for the Orb.
     0 | D:1      | Reached XP level 1. HP: 15/15 MP: 3/3
   163 | D:1      | Reached skill level 2 in Fighting
   206 | D:1      | Reached XP level 2. HP: 19/23 MP: 4/4
   358 | D:1      | Reached skill level 3 in Fighting
   858 | D:2      | Reached XP level 3. HP: 29/29 MP: 5/5
   883 | D:2      | Noticed Terence
   893 | D:2      | Killed Terence
   893 | D:2      | Reached skill level 4 in Fighting
  1095 | D:2      | Reached XP level 4. HP: 38/38 MP: 6/6
  1302 | D:2      | Reached skill level 1 in Armour
  1822 | D:2      | Reached XP level 5. HP: 28/43 MP: 7/7
  3038 | D:3      | Reached skill level 5 in Fighting
  3392 | D:3      | Found a basalt altar of Yredelemnul.
  3434 | D:3      | Became a worshipper of Yredelemnul the Dark
  3962 | D:4      | Reached XP level 6. HP: 50/51 MP: 8/8
  4253 | D:4      | Found an iron altar of Okawaru.
  4265 | D:4      | Noticed a phantom
  4302 | D:4      | Killed a phantom
  4369 | D:4      | Noticed a black bear
  4381 | D:4      | Killed a black bear
  4381 | D:4      | Reached skill level 6 in Fighting
  4381 | D:4      | Reached XP level 7. HP: 49/58 MP: 9/9
  4472 | D:4      | Found a snail-covered altar of Cheibriados.
  4845 | D:4      | Found a shadowy altar of Dithmenos.
  4846 | D:4      | Found a burning altar of Makhleb.
  4851 | D:4      | Found a stormy altar of Qazlal.
  4852 | D:4      | Found a glowing silver altar of Zin.
  4911 | D:5      | Entered Level 5 of the Dungeon
  5377 | D:5      | Reached skill level 7 in Fighting
  5377 | D:5      | Reached skill level 5 in Armour
  5731 | D:5      | Noticed a hippogriff
  6230 | D:6      | Reached * piety under Yredelemnul
  6261 | D:6      | Found a staircase to the Ecumenical Temple.
  6330 | D:5      | Reached XP level 8. HP: 41/67 MP: 10/10
  7627 | D:7      | Reached skill level 5 in Invocations
  7674 | D:7      | Reached ** piety under Yredelemnul
  8252 | D:7      | Noticed Joseph
  8276 | D:7      | Killed Joseph
  8276 | D:7      | Reached skill level 8 in Fighting
  8276 | D:7      | Reached skill level 5 in Dodging
  8276 | D:7      | Reached XP level 9. HP: 16/75 MP: 12/12
  8751 | D:7      | Your ally Joseph died
  8879 | D:7      | Found a glowing golden altar of the Shining One.
  8889 | D:7      | Found a large runed translucent door.
  8889 | D:7      | Found a large runed translucent door.
  8890 | D:7      | Noticed Lanoc's ghost (novice DsAr)
  9091 | D:7      | Reached skill level 9 in Fighting
  9897 | D:8      | Found a sparkling altar of Nemelex Xobeh.
  9897 | D:8      | Found a blossoming altar of Fedhas.
 10068 | D:8      | Noticed Grum
 10077 | D:7      | Reached XP level 10. HP: 56/85 MP: 10/13
 10827 | D:8      | Found Focahai's Distillery.
 10832 | D:8      | Bought a potion of curing for 36 gold pieces
 10832 | D:8      | Bought a potion of heal wounds for 60 gold pieces
 10832 | D:8      | Bought a potion of curing for 36 gold pieces
 10832 | D:8      | Bought a potion of curing for 36 gold pieces
 10832 | D:8      | Bought a potion of heal wounds for 60 gold pieces
 10832 | D:8      | Bought a potion of berserk rage for 60 gold pieces
 10895 | D:8      | Noticed Pikel
 10906 | D:8      | Killed Pikel
 10906 | D:8      | Reached skill level 5 in Long Blades
 11144 | D:8      | Reached *** piety under Yredelemnul
 11184 | D:8      | Killed Grum
 11457 | D:9      | Found a shattered altar of Ashenzari.
 11752 | D:9      | Found a glowing golden altar of the Shining One.
 11775 | D:9      | Found a radiant altar of Vehumet.
 11883 | D:9      | Found a staircase to the Orcish Mines.
 11899 | D:10     | Entered Level 10 of the Dungeon
 12463 | D:9      | Found a staircase to the Lair.
 12568 | D:9      | Reached skill level 10 in Long Blades
 12752 | D:10     | Found Jefareacs's Jewellery Boutique.
 12789 | D:10     | Reached XP level 11. HP: 90/90 MP: 14/14
 12789 | D:10     | Received a gift from Yredelemnul (a wight)
 12893 | D:10     | Noticed a centaur warrior
 12910 | D:10     | Killed a centaur warrior
 13256 | Lair:1   | Entered Level 1 of the Lair of Beasts
 13269 | Lair:1   | Reached skill level 10 in Fighting
 13504 | Lair:1   | Found a gate leading to a gauntlet.
 13515 | Gauntlet | Entered a Gauntlet
 13515 | Gauntlet | Found a transporter.
 13515 | Gauntlet | Found a transporter.
 13515 | Gauntlet | Noticed a necromancer
 13518 | Gauntlet | Found a transporter.
 13519 | Gauntlet | Found a transporter.
 13520 | Gauntlet | Found a transporter.
 13522 | Gauntlet | Noticed a hell hog
 13527 | Gauntlet | Noticed a death drake
 13528 | Gauntlet | Found a transporter.
 13534 | Gauntlet | Found a transporter.
 13537 | Gauntlet | Found a transporter.
 13542 | Gauntlet | Found a transporter.
 13558 | Gauntlet | Found a transporter.
 13579 | Gauntlet | Found a transporter.
 13604 | Gauntlet | Found a transporter.
 13959 | Lair:1   | Noticed an eight-headed hydra
 13972 | Lair:1   | Killed an eight-headed hydra
 14072 | Lair:1   | Found a runed translucent door.
 14092 | Lair:1   | Noticed a dire elephant
 14092 | Lair:1   | Noticed a catoblepas
 14488 | Lair:2   | Reached **** piety under Yredelemnul
 15683 | Lair:3   | Reached skill level 5 in Evocations
 16079 | Lair:3   | Received a gift from Yredelemnul (2 flying skulls)
 16339 | Lair:3   | Reached XP level 12. HP: 98/99 MP: 16/16
 16415 | Lair:3   | Reached skill level 11 in Fighting
 16691 | Lair:2   | Reached skill level 10 in Armour
 17000 | Lair:3   | Found a staircase to the Snake Pit.
 17028 | Lair:3   | Noticed Urug
 17039 | Lair:3   | Killed Urug
 18712 | Lair:4   | Found a staircase to the Shoals.
 19143 | Lair:5   | Reached skill level 1 in Shields
 19143 | Lair:5   | Received a gift from Yredelemnul (a mummy)
 19189 | Lair:5   | Noticed Kirke
 19222 | Lair:5   | Killed Kirke
 19307 | Lair:5   | Got a brightly glowing hand crossbow
 19311 | Lair:5   | Identified the cursed +0 hand crossbow "Angeaf" {speed,
                  | Fragile Int+8} (You found it on level 5 of the Lair of
                  | Beasts)
 19365 | Lair:5   | Found a staircase to the Slime Pits.
 19365 | Lair:5   | Found a viscous altar of Jiyva.
 19373 | Lair:5   | Learned a level 1 spell: Apportation
 19376 | Lair:5   | Learned a level 2 spell: Passwall
 19465 | Lair:5   | Found a shimmering altar of Xom.
 20016 | Lair:5   | Noticed a death yak
 20016 | Lair:5   | Noticed a death yak
 20016 | Lair:5   | Noticed a death yak
 20016 | Lair:5   | Noticed a death yak
 20370 | D:10     | Reached skill level 12 in Fighting
 20501 | D:10     | Got a shimmering scale mail
 20527 | D:10     | Identified the +8 scale mail of Midsummer {rPois Int+2}
                  | (You found it on level 10 of the Dungeon)
 20897 | D:11     | Received a gift from Yredelemnul (a wight)
 21243 | Lair:6   | Entered Level 6 of the Lair of Beasts
 21364 | Lair:6   | Noticed a death yak
 21364 | Lair:6   | Noticed a death yak
 21364 | Lair:6   | Noticed a death yak
 21364 | Lair:6   | Noticed a death yak
 21454 | Lair:4   | Killed a death yak
 21578 | Lair:6   | Noticed a four-headed hydra
 21586 | Lair:5   | Killed a four-headed hydra
 21804 | Lair:5   | Gained mutation: You can hop long distances. [Barachi
                  | growth]
 21804 | Lair:5   | Reached XP level 13. HP: 109/109 MP: 17/17
 22508 | Lair:6   | Received a gift from Yredelemnul (4 flying skulls)
 22867 | Lair:6   | Got a warped amber ring
 22869 | Lair:6   | Identified the ring "Ysiat" {Ice *Slow rElec Dex+3} (You
                  | found it on level 6 of the Lair of Beasts)
 23722 | Lair:6   | Reached skill level 13 in Fighting
 23980 | Lair:6   | Noticed a dire elephant
 24160 | Orc:1    | Entered Level 1 of the Orcish Mines
 24385 | Orc:1    | Reached ***** piety under Yredelemnul
 24666 | Orc:2    | Entered Level 2 of the Orcish Mines
 24666 | Orc:2    | Found Maupt's Weapon Boutique.
 24666 | Orc:2    | Found a staircase to the Elven Halls.
 24696 | Orc:2    | Noticed Snorg
 24989 | D:11     | You fall into a shaft and drop 1 floor!
 25005 | D:12     | Received a gift from Yredelemnul (a wraith)
 25075 | D:12     | Reached skill level 10 in Dodging
 25594 | D:11     | Noticed Josephine
 25618 | D:11     | Killed Josephine
 26428 | D:12     | Got an ancient amber ring
 26436 | D:12     | Identified the ring of New Discoveries {rC+ Str+2} (You
                  | found it on level 12 of the Dungeon)
 26495 | D:12     | Received a gift from Yredelemnul (a phantasmal warrior)
 26551 | D:12     | Noticed Rupert
 26551 | D:12     | Paralysed by Rupert for 4 turns
 26571 | D:12     | Killed Rupert
 27089 | D:13     | Noticed Jorgrun
 27100 | D:13     | Reached XP level 14. HP: 82/119 MP: 16/19
 27106 | D:13     | Killed Jorgrun
 27414 | D:13     | Reached skill level 14 in Fighting
 27647 | D:13     | Received a gift from Yredelemnul (a wraith)
 27744 | D:13     | Found Egaaw's Magic Scroll Emporium.
 27747 | D:13     | Bought a scroll of identify for 30 gold pieces
 27747 | D:13     | Bought a scroll of identify for 30 gold pieces
 27750 | D:13     | Identified a scroll of acquirement
 27752 | D:13     | Bought a scroll of teleportation for 45 gold pieces
 27752 | D:13     | Bought a scroll of blinking for 112 gold pieces
 27752 | D:13     | Bought a scroll of teleportation for 45 gold pieces
 27752 | D:13     | Bought a scroll of blinking for 112 gold pieces
 27752 | D:13     | Bought a scroll of enchant weapon for 112 gold pieces
 27833 | D:10     | Bought the ring of Thoughtfulness {rF+ MR++ Str+6 Int-2
                  | Dex+2} for 1213 gold pieces
 28438 | D:11     | Received a gift from Yredelemnul (a skeletal warrior)
 28858 | D:13     | Noticed Maurice
 28884 | D:13     | Killed Maurice
 29112 | D:13     | Received a gift from Yredelemnul (a wraith)
 29431 | D:14     | Found a gate to the Vaults.
 30052 | D:14     | Found Ukezxued's Armour Emporium.
 30193 | D:15     | Entered Level 15 of the Dungeon
 30193 | D:15     | Found Riplatuixy's Jewellery Shoppe.
 31242 | Lair:6   | Killed a dire elephant
 31242 | Lair:6   | Reached skill level 15 in Fighting
 31243 | Lair:6   | Received a gift from Yredelemnul (a vampire)
 31671 | Lair:6   | Noticed a dire elephant
 31676 | Lair:6   | Reached XP level 15. HP: 128/129 MP: 18/21
 31688 | Lair:6   | Reached skill level 5 in Shields
 31688 | Lair:6   | Received a gift from Yredelemnul (a vampire)
 31921 | Orc:1    | Killed Snorg
 32204 | Orc:2    | Received a gift from Yredelemnul (a vampire knight)
 32747 | Orc:1    | Reached ****** piety under Yredelemnul
 33058 | Orc:2    | Received a gift from Yredelemnul (a vampire knight)
 33069 | Orc:2    | Found Semeogh's General Store.
 33069 | Orc:2    | Found Gerestr Wuom's Distillery.
 33071 | Orc:2    | Found Xeumocopn's Distillery.
 33071 | Orc:2    | Found Fudaots's Weapon Emporium.
 33108 | Orc:2    | Bought a +0 demon blade for 240 gold pieces
 33108 | Orc:2    | Bought a scroll of brand weapon for 320 gold pieces
 33162 | Orc:2    | Bought a potion of heal wounds for 70 gold pieces
 33162 | Orc:2    | Bought a potion of haste for 140 gold pieces
 33162 | Orc:2    | Bought a potion of haste for 140 gold pieces
 33162 | Orc:2    | Bought a potion of heal wounds for 70 gold pieces
 33162 | Orc:2    | Bought a potion of heal wounds for 70 gold pieces
 33162 | Orc:2    | Bought a potion of might for 56 gold pieces
 33162 | Orc:2    | Bought a potion of might for 56 gold pieces
 33165 | Orc:2    | Bought a potion of haste for 170 gold pieces
 33165 | Orc:2    | Bought a potion of curing for 51 gold pieces
 33165 | Orc:2    | Bought a potion of curing for 51 gold pieces
 33165 | Orc:2    | Bought a potion of might for 68 gold pieces
 33168 | Orc:2    | Bought a potion of curing for 42 gold pieces
 33168 | Orc:2    | Bought a potion of curing for 42 gold pieces
 33444 | Snake:1  | Entered Level 1 of the Snake Pit
 33603 | Snake:1  | Noticed Nikola
 33662 | Snake:1  | Noticed Asterion
 33692 | Lair:3   | Killed Asterion
 34012 | Snake:1  | Killed Nikola
 34013 | Snake:1  | Noticed Agnes
 34022 | Snake:1  | Killed Agnes
 34215 | Snake:1  | Reached skill level 10 in Evocations
 34228 | Snake:1  | Found a glowing golden altar of the Shining One.
 34662 | Snake:2  | Found a frozen archway.
 34669 | IceCv    | Entered an ice cave
 34696 | IceCv    | Received a gift from Yredelemnul (a wraith)
 35442 | IceCv    | Received a gift from Yredelemnul (a wraith)
 35901 | IceCv    | Received a gift from Yredelemnul (a vampire)
 36137 | IceCv    | Noticed an Ice Fiend
 36374 | Snake:2  | Reached skill level 16 in Fighting
 36568 | Snake:2  | Received a gift from Yredelemnul (a ghoul)
 36846 | Snake:2  | Reached XP level 16. HP: 66/138 MP: 1/23
 36902 | Snake:2  | Received a gift from Yredelemnul (a skeletal warrior)
 37684 | Snake:3  | Noticed a nagaraja
 37713 | Snake:3  | Received a gift from Yredelemnul (a skeletal warrior)
 38088 | Snake:3  | Killed a nagaraja
 38900 | Snake:3  | Found Xairiu's Antique Armour Shoppe.
 39209 | Snake:3  | Noticed a nagaraja
 39220 | Snake:3  | Received a gift from Yredelemnul (a flayed ghost)
 39226 | Snake:3  | Killed a nagaraja
 39723 | Snake:3  | Upgraded the game from 0.26-a0-83-g7ccd015ce0 to
                  | 0.26-a0-84-g8c18429211
 39865 | Shoals:1 | Entered Level 1 of the Shoals
 39895 | Shoals:1 | Reached skill level 10 in Shields
 39987 | Shoals:1 | Received a gift from Yredelemnul (a flayed ghost)
 40143 | Shoals:1 | Found an iron altar of Okawaru.
 40615 | Shoals:2 | Received a gift from Yredelemnul (a profane servitor)
 41022 | Shoals:2 | Found a shimmering altar of Xom.
 41027 | Shoals:2 | Noticed a kraken
 41041 | Shoals:2 | Killed a kraken
 41041 | Shoals:2 | Reached skill level 10 in Invocations
 41676 | Shoals:2 | Noticed a kraken
 41697 | Shoals:2 | HP: 7/140 [tentacle[a kraken] (9)]
 41697 | Shoals:2 | Mangled by a tentacle

Illustrated notes

Levels and vault maps discovered:
D:1:      minmay_arrival_radiant_lines, layout_rooms
D:2:      layout_loops_ring, first_ration, uniq_terence
D:3:      layout_basic, nicolae_overflow_crystal_walls, st_stairs_10,
          minmay_door_square
D:4:      layout_basic, kennysheep_slug_shrine, minitemple
D:5:      layout_loops_corners
D:6:      layout_basic, minmay_temple_entry_poolview
D:7:      layout_rooms, tso_oasis_becter, ebering_ghost_disaster_area,
          grunt_livestock, nicolae_benzene_ring, uniq_joseph
D:8:      layout_loops_ring, gammafunk_temple_overflow_wave, serial_shops, shop,
          uniq_grum, uniq_pikel
D:9:      layout_irregular_city, cheibrodos_ashenzari_chains,
          fiery_altar_vehumet, grunt_lair_entry_orc_guard_hut, orc_0_dummy,
          nicolae_tso_carved_into_rock
D:10:     layout_irregular_city, serial_shops, nicolae_shop_trees,
          lemuel_old_faithful
D:11:     minmay_the_grid_triangle_9x9_recursive_3
          [minmay_the_grid_triangle_9x9_negative_grid,
          minmay_the_grid_triangle_9x9_sparse_checkered,
          minmay_the_grid_triangle_9x9_flanged_cone,
          minmay_the_grid_triangle_9x9_prize_top_heavy,
          minmay_the_grid_triangle_9x9_minimal,
          minmay_the_grid_triangle_9x9_corruption,
          minmay_the_grid_triangle_9x9_wacky_v,
          minmay_the_grid_triangle_9x9_zippers_horizontal,
          minmay_the_grid_triangle_9x9_from_above], layout_rooms,
          kennysheep_generic_room_13, uniq_josephine
D:12:     layout_rooms, uniq_rupert
D:13:     layout_basic, serial_shops, nicolae_shop_behind_doors,
          kennysheep_boxes, uniq_maurice, uniq_jorgrun
D:14:     layout_grid_maze, lightli_vaults_fourway_checkpoint, serial_shops,
          kennysheep_mini, grunt_decor_arrowhead
D:15:     hangedman_depths_entry_civil_slaughter, layout_irregular_city,
          serial_shops, shop, eino_house_with_fridge
Lair:1:   gammafunk_lair_enchanted_lake, layout_loops_ring,
          gauntlet_entry_generic, grunt_megastairs_3
Lair:2:   layout_regular_city, patterned_corridor, grunt_megastairs_2
Lair:3:   layout_cave_pods, minmay_snake_entry_guardpost_large,
          chequers_serial_rivers_large_a, minivault_26, lemuel_fruit_fields,
          uniq_urug
Lair:4:   layout_cave_pods, elwin_shoals_entry_rocks, minmay_lair_drake_nest
Lair:5:   layout_cave_pods, slime_altar_1, basic_altar, minivault_26, uniq_kirke
Lair:6:   guppyfry_lair_end_dragon, layout_regular_city,
          hangedman_lair_in_review, kennysheep_basilisk_garden
Shoals:1: layout_shoals, lemuel_centaur_altar
Shoals:2: layout_shoals, wheals_shoals_ruined_temple
Snake:1:  layout_misc_corridors, basic_altar, uniq_agnes, uniq_nikola,
          uniq_asterion
Snake:2:  layout_rooms, portal_ice_cave_entry_horrid_things,
          nrook_guardian_serpent_double
Snake:3:  layout_layer_cave, serial_shops, nicolae_shop_overgrown_old_shop,
          guppyfry_library_mini
Orc:1:    layout_caves
Orc:2:    grunt_orc_tribal_feast, layout_caves, serial_shops, shop, uniq_snorg

Skill      XL: |  1  2  3  4  5  6  7  8  9 10 11 12 13 14 15 16 |
---------------+-------------------------------------------------+-----
Fighting       | 2 3 4 5 6 7 8 9 10 12 13 15 16 | 16.9
Armour         | 1 2 4 5 6 8 9 10 11 12 13 14 | 14.0
Dodging        | 3 4 5 7 8 9 10 11 | 11.0
Invocations    | 5 6 7 9 10 | 10.0
Long Blades    | 10 11 12 13 | 13.9
Evocations     | 5 6 7 9 10 11 | 11.6
Shields        | 4 8 11 | 11.0
Short Blades   | |  1.1
Stealth        | |  0.8

Action                   |  1- 3 |  4- 6 |  7- 9 | 10-12 | 13-15 | 16-18 || total
-------------------------+-------+-------+-------+-------+-------+-------++-------
Melee: Short sword       |   105 |   110 |       |       |       |       ||   215
       Quarterstaff      |       |    62 |   259 |    15 |       |       ||   336
       Long sword        |       |       |       |   477 |   778 |       ||  1255
       Dire flail        |       |       |       |    11 |       |       ||    11
       Scimitar          |       |       |       |       |   272 |       ||   272
       Demon blade       |       |       |       |       |   293 |   398 ||   691
 Fire: Hunting sling     |       |       |    84 |   101 |    81 |       ||   266
Throw: Stone             |       |    15 |     7 |       |       |       ||    22
       Dart              |       |       |    12 |       |       |       ||    12
Invok: Animate Remains   |       |       |    13 |     7 |       |       ||    20
       Recall Undead Sla |       |       |     1 |     8 |     9 |     2 ||    20
       Animate Dead      |       |       |       |    28 |    38 |    14 ||    80
       Drain Life        |       |       |       |       |     3 |       ||     3
 Abil: Hop               |       |     1 |     7 |     9 |     5 |     1 ||    23
Evoke: Wand              |     7 |     5 |     7 |    16 |    28 |       ||    63
  Use: Scroll            |     1 |     3 |    13 |    10 |    25 |     1 ||    53
       Potion            |       |     1 |     2 |       |     5 |       ||     8
 Stab: Distracted        |       |       |     1 |       |    12 |     6 ||    19
       Paralysed         |       |       |       |     3 |       |       ||     3
  Eat: Chunk             |     1 |     8 |    17 |    31 |    39 |    11 ||   107
       Ration            |       |     1 |     2 |     6 |     9 |     3 ||    21
Armor: Leather armour    |    42 |       |       |       |       |       ||    42
       Chain mail        |    14 |   103 |   202 |   127 |    28 |       ||   474
       Plate armour      |       |       |       |    47 |       |       ||    47
       Scale mail        |       |       |       |    25 |   332 |   104 ||   461
Dodge: Dodged            |    92 |    60 |   155 |   337 |   641 |   170 ||  1455
Block: Buckler           |       |       |       |    26 |   115 |       ||   141
       Tower shield      |       |       |       |       |   489 |   399 ||   888
       Rpst.: Long sword |       |       |       |    76 |   111 |       ||   187
       Scimitar          |       |       |       |       |    19 |       ||    19
       Demon blade       |       |       |       |       |    19 |    31 ||    50

Table legend:
 A = Non-vault XP
 B = Vault XP
 C = Vault XP percentage of total XP
 D = Non-vault monster count
 E = Vault monster count
 F = Vault count percentage of total count
                 A         B        C        D         E       F
            +---------+---------+-------+---------+---------+-------
      Total |  105942 |   74191 |  41.2 |     559 |     237 |  29.8
            +---------+---------+-------+---------+---------+-------
        D:1 |      30 |       0 |   0.0 |      20 |       0 |   0.0
        D:2 |     119 |      43 |  26.5 |      21 |       2 |   8.7
        D:3 |      72 |       1 |   1.4 |      12 |       1 |   7.7
        D:4 |     387 |       4 |   1.0 |      13 |       1 |   7.1
        D:5 |     570 |       0 |   0.0 |      23 |       0 |   0.0
        D:6 |     730 |       0 |   0.0 |      21 |       0 |   0.0
        D:7 |     945 |    1440 |  60.4 |      19 |       7 |  26.9
        D:8 |    1766 |    1149 |  39.4 |      43 |       5 |  10.4
        D:9 |    1006 |     669 |  39.9 |      22 |       5 |  18.5
       D:10 |    2750 |       0 |   0.0 |      16 |       0 |   0.0
       D:11 |     776 |    7800 |  91.0 |       9 |      28 |  75.7
       D:12 |    4783 |    1852 |  27.9 |      28 |       1 |   3.4
       D:13 |    6468 |    3474 |  34.9 |      33 |       2 |   5.7
       D:14 |    2119 |    7381 |  77.7 |       8 |      14 |  63.6
     Lair:1 |    2626 |    2019 |  43.5 |      14 |       8 |  36.4
     Lair:2 |    1910 |       0 |   0.0 |      12 |       0 |   0.0
     Lair:3 |    3857 |    3775 |  49.5 |      17 |       6 |  26.1
     Lair:4 |    2478 |    1288 |  34.2 |       9 |       4 |  30.8
     Lair:5 |    4645 |    1627 |  25.9 |      13 |       4 |  23.5
     Lair:6 |    5180 |   13234 |  71.9 |      14 |      43 |  75.4
   Shoals:1 |    9508 |     224 |   2.3 |      26 |       4 |  13.3
   Shoals:2 |    7645 |    2298 |  23.1 |      16 |       2 |  11.1
    Snake:1 |    3435 |    5854 |  63.0 |       8 |       2 |  20.0
    Snake:2 |   20011 |    2224 |  10.0 |      46 |       8 |  14.8
    Snake:3 |   17027 |    4625 |  21.4 |      34 |      10 |  22.7
      Orc:1 |    2388 |    4023 |  62.8 |      33 |      13 |  28.3
      Orc:2 |    2711 |    3964 |  59.4 |      29 |      17 |  37.0
      IceCv |       0 |    5223 | 100.0 |       0 |      50 | 100.0
            +---------+---------+-------+---------+---------+-------
